 Dungeon Crawl Stone Soup version 0.26.1-2-gb8aa6d0cf2 (webtiles) character file.

Game seed: 12740770935773722033

138 RaHiT the Sneak (level 5, -4/36 HPs)
             Began as an Octopode Delver on Mar 25, 2021.
             Slain by an orc
             ... wielding a +0 flail
              (6 damage)
             ... on level 3 of the Dungeon.
             The game lasted 00:14:24 (2716 turns).

RaHiT the Sneak (Octopode Delver)                   Turns: 2716, Time: 00:14:25

Health: -4/36      AC:  1    Str: 11    XL:     5   Next: 21%
Magic:  2/6        EV: 14    Int: 13    God:
Gold:   171        SH:  0    Dex: 14    Spells: 1/6 levels left

rFire    . . .     SeeInvis +     - Unarmed
rCold    . . .     Faith    .   (no shield)
rNeg     . . .     Spirit   .   (helmet restricted)
rPois    .         Reflect  .   (no amulet)
rElec    .         Harm     .   l - ring of see invisible
rCorr    .         Rampage  .   (no ring)
Will     .....                  (no ring)
Stlth    ++++......             (no ring)
HPRegen  0.12/turn              (no ring)
MPRegen  0.10/turn              (no ring)
                                (no ring)
                                (no ring)

@: no status effects
A: almost no armour, stealthy swim, amphibious, 8 rings, constrict 8, camouflage
1, gelatinous body 1
a: no special abilities


You were on level 3 of the Dungeon.
You visited 1 branch of the dungeon, and saw 6 of its levels.

You collected 171 gold pieces.

Inventory:

Hand Weapons
 c - a +2 dagger of draining
 n - a +0 spear of venom
 r - a +0 hunting sling of freezing
Missiles
 g - 69 arrows
 i - 35 bolts
 k - 82 stones (quivered)
Armour
 q - a +0 tower shield
Magical Staves
 d - an uncursed staff of fire {unknown}
Jewellery
 l - a ring of see invisible (left tentacle)
 t - an uncursed ring of ice
Wands
 e - a wand of digging (3)
Scrolls
 a - 2 scrolls of fog
 b - 2 scrolls of teleportation {unknown}
 f - 3 scrolls of remove curse {unknown}
 p - 3 scrolls of identify {unknown}
Potions
 h - a potion of heal wounds
 j - a potion of lignification {unknown}
 m - a potion of brilliance {unknown}
 o - a potion of degeneration {unknown}
 s - a potion of flight {unknown}


   Skills:
 - Level 3.0 Fighting
 * Level 3.5 Dodging
 - Level 7.0 Stealth
 - Level 3.0 Unarmed Combat
 - Level 1.0 Spellcasting
 + Level 1.0 Transmutations
 + Level 1.0 Earth Magic
 - Level 1.0 Evocations


You had one spell level left.
You knew the following spells:

 Your Spells              Type           Power        Failure   Level
a - Sandblast             Erth           6%           19%         1
b - Petrify               Tmut/Erth      3%           88%         4

Your spell library contained the following spells:

 Spells                   Type           Power        Failure   Level
 Passwall                 Tmut/Erth      2%           28%         2
 Stone Arrow              Conj/Erth      2%           56%         3
 Lee's Rapid Deconstruct  Erth           1%           99%         5


Dungeon Overview and Level Annotations

Branches:
Dungeon (6/15)             Temple (0/1) D:5

Altars:
Ashenzari
Nemelex Xobeh


Innate Abilities, Weirdness & Mutations

You cannot wear most types of armour.
You are very stealthy in the water. (Stealth+)
You are amphibious.
You can wear up to eight rings at the same time.
You can use your tentacles to constrict eight enemies at once.
Your skin changes colour to match your surroundings (Stealth+).
Your rubbery body absorbs attacks. (AC +1, EV +1)


Message History

Casting: Sandblast (safe; 19% risk of failure)
Confirm with . or Enter, or press ? or * to list all spells.
Aiming: Sandblast (safe; 19% risk of failure)
Press: ? - help, Shift-Dir - straight line, f - orc
Aim: an orc, wielding a +0 flail and wearing a +0 chain mail (lightly wounded, constricted by you, 0% to evade)
The blast of sand hits the orc but does no damage.
The orc is lightly wounded.
k - 83 stones You constrict the orc, but do no damage.
The orc closely misses you.
Casting: Sandblast (safe; 19% risk of failure)
Confirm with . or Enter, or press ? or * to list all spells.
Aiming: Sandblast (safe; 19% risk of failure)
Press: ? - help, Shift-Dir - straight line, f/p - orc
Aim: an orc, wielding a +0 flail and wearing a +0 chain mail (lightly wounded, constricted by you, 0% to evade)
The blast of sand hits the orc but does no damage.
The orc is lightly wounded.
k - 82 stones You constrict the orc.
The orc hits you with a +0 flail.
You die...

.....# . .#...#
. .. .o..# #!##
#oS.# #....#...#
##....o.# ..#
#[## #.###o# ...
#.#@## #.# #..#
.. #.# #..# #.
#.# #..#
.###.#####..#
..##........#
#.##..####.## #
#.#..<.....#
#.###.#...######


You could see an orc.

Vanquished Creatures
  An orc priest (D:3)
  A hound skeleton (D:5)
  5 adders
  A white imp (D:3)
  An adder skeleton (D:5)
  A worm (D:3)
  3 dart slugs (D:1)
  A leopard gecko (D:5)
  2 orcs (D:3)
  5 bats
  3 giant cockroaches
  3 goblins
  2 hobgoblins
  2 frilled lizards (D:2)
  3 kobolds
  3 rats
37 creatures vanquished.

Notes
Turn   | Place    | Note
-------+----------+-------------------------------------------
     0 | D:5      | RaHiT the Octopode Delver began the quest for the Orb.
     0 | D:5      | Reached XP level 1. HP: 16/16 MP: 1/1
    59 | D:5      | Noticed a centaur
    65 | D:5      | Noticed an orc wizard
    76 | D:4      | Noticed a scorpion
   410 | D:5      | Found a broken altar of Ashenzari.
   503 | D:5      | Noticed a worker ant
   553 | D:5      | Reached XP level 2. HP: 15/21 MP: 2/2
   678 | D:2      | Reached skill level 7 in Stealth
   924 | D:1      | Reached XP level 3. HP: 26/26 MP: 2/4
  1021 | D:2      | Reached skill level 1 in Evocations
  1455 | D:2      | Reached skill level 1 in Spellcasting
  1709 | D:1      | Found a sparkling altar of Nemelex Xobeh.
  2205 | D:3      | HP: 1/26 [white imp/puff of frost (9)]
  2209 | D:3      | Reached XP level 4. HP: 31/31 MP: 5/5
  2218 | D:3      | Learned a level 4 spell: Petrify
  2220 | D:3      | Learned a level 1 spell: Sandblast
  2713 | D:3      | Reached skill level 1 in Transmutations
  2713 | D:3      | Reached skill level 1 in Earth Magic
  2713 | D:3      | Reached XP level 5. HP: 12/36 MP: 4/6
  2716 | D:3      | Slain by an orc

Illustrated notes

Levels and vault maps discovered:
D:1:      minmay_arrival_floating_metal, layout_basic,
          nemelex_xobeh_ov_fountains_minmay
D:2:      layout_basic
D:3:      layout_loops_ring
D:4:      layout_loops_ring, tso_metal_star
D:5:      layout_loops_ring, ashenzari_conservatory_becter,
          minmay_temple_entry_stoned_glass
D:6:      layout_loops_cross, chequers_serial_rivers_micro_c

Skill      XL: |  1  2  3  4 |
---------------+-------------+-----
Stealth        | 7 |  7.0
Evocations     | 1 |  1.0
Spellcasting   | 1 |  1.0
Dodging        | 3 |  3.5
Unarmed Combat | 3 |  3.0
Transmutations | 1 |  1.0
Earth Magic    | 1 |  1.0
Fighting       | |  3.0

Action                   |  1- 3 |  4- 6 || total
-------------------------+-------+-------++-------
Melee: Unarmed           |    58 |    44 ||   102
       Constrict         |    16 |    10 ||    26
       Tentacles         |    10 |     9 ||    19
       Punch             |     1 |     1 ||     2
 Cast: Sandblast         |       |    13 ||    13
  Use: Scroll            |     3 |       ||     3
       Potion            |     2 |     1 ||     3
 Stab: Sleeping          |     7 |     6 ||    13
Armor: Skin              |     2 |     4 ||     6
Dodge: Dodged            |    37 |    21 ||    58
